 Dungeon Crawl Stone Soup version 0.27-a0-1595-g0b823d0a13 (webtiles) character file.

Game seed: 4040327190696800797

202 Anon1729 the Spear-Bearer (level 5, 0/41 HPs)
             Began as a Merfolk Monk on July 20, 2021.
             Slain by an orc wizard (1 damage)
             ... on level 3 of the Dungeon.
             The game lasted 00:05:10 (4402 turns).

Anon1729 the Spear-Bearer (Merfolk Monk)            Turns: 4402, Time: 00:05:10

Health: 0/41       AC:  2    Str: 18    XL:     5   Next: 80%
Magic:  5/5        EV: 14    Int:  9    God:
Gold:   119        SH:  0    Dex: 17    Spells: 4/4 levels left

rFire    . . .     SeeInvis .   a - +0 spear
rCold    . . .     Faith    .   (no shield)
rNeg     . . .     Spirit   .   b - +0 robe
rPois    .         Reflect  .   (no helmet)
rElec    .         Harm     .   (no cloak)
rCorr    .         Rampage  .   (no gloves)
Will     .....                  (no boots)
Stlth    ++........             (no amulet)
HPRegen  0.13/turn              h - +6 ring of strength
MPRegen  0.09/turn              (no ring)

@: mighty, flying, very slightly contaminated, invisible
A: (nimble swimmer 2), mertail
a: no special abilities


You were on level 3 of the Dungeon.
You visited 1 branch of the dungeon, and saw 4 of its levels.

You collected 119 gold pieces.

Inventory:

Hand Weapons
 a - a +0 spear (weapon)
Armour
 b - a +0 robe (worn)
Jewellery
 h - a +6 ring of strength (left hand)
Scrolls
 c - 4 scrolls of teleportation {unknown}
 e - a scroll of amnesia {unknown}
 i - a scroll of brand weapon {unknown}
 k - a scroll of fear {unknown}
 l - a scroll of enchant weapon {unknown}


   Skills:
 - Level 3.4 Fighting
 + Level 8.8 Polearms
 - Level 4.1 Dodging
 - Level 2.4 Stealth


You had 4 spell levels left.
You didn't know any spells.
Your spell library contained the following spells:

 Spells                   Type           Power      Damage    Failure   Level
 Magic Dart               Conj           0%         1d3       38%         1
 Searing Ray              Conj           0%         3d3       52%         2
 Fulminant Prism          Conj/Hex       0%         3d6       99%         4


Dungeon Overview and Level Annotations

Branches:
Dungeon (4/15)
 Temple: D:4-7

Altars:
Kikubaaqudgha


Innate Abilities, Weirdness & Mutations

((You are quick and stealthy near water. (Stealth+, EV+, Speed+++)))
Your lower body shifts to a powerful aquatic tail in water.


Message History

The orc wizard hits you with a +0 dagger.
The orc priest misses you. Something hits you.
* * * LOW HITPOINT WARNING * * *
The orc wizard casts a spell at you.
You are confused.
You climb upwards.
Reactivating autopickup.
There is a stone staircase leading down here.
You see here a jackal skeleton.
You are too confused!
It was a potion of magic.
Magic courses through your body.
The orc priest hits you but does no damage.
Something barely misses you. The orc wizard casts a spell at you.
You are more confused.
It was a potion of might.
You feel very mighty all of a sudden. The orc priest closely misses you.
Something hits you.
* * * LOW HITPOINT WARNING * * *
Deactivating autopickup; reactivate with Ctrl-A.
The orc wizard closely misses you.
You fade into invisibility!
The orc priest calls down the wrath of Beogh upon you.
Beogh smites you!
* * * LOW HITPOINT WARNING * * *
Something hits you but does no damage. The orc wizard completely misses you.
You are very lightly contaminated with residual magic.
It was a potion of curing.
You feel better. The orc priest hits you with a +0 whip!
* * * LOW HITPOINT WARNING * * *
Something hits you.
* * * LOW HITPOINT WARNING * * *
The orc wizard closely misses you.
It was a potion of flight.
You feel very buoyant.
You fly up into the air.
The orc priest closely misses you. Something hits you.
* * * LOW HITPOINT WARNING * * *
The orc priest misses you. Something hits you.
You die...

##### #####....
####.......#
#######..........'
#.......##.......#
####.#####.##........
#o...#...............
#รท#.@#....#####...##.
#[o......##...##.....
######.#.#.###.....##...#
#...........#.......#...#
#.....####..#.......'...'
#>....#..#..#.......#...#
#####....#..##.....##...#
#....._.##.###...###...#
#.......##.# ##### #...#


You could see an orc priest and an orc wizard.

Vanquished Creatures
  An orc priest (D:3)
  Jessica (D:3)
  An iguana (D:2)
  An orc wizard (D:2)
  A gnoll (D:1)
  2 adder skeletons (D:2)
  5 orcs
  9 ball pythons
  6 bats
  7 endoplasms
  3 giant cockroaches (D:1)
  2 goblins (D:2)
  9 hobgoblins
  4 jackals (D:3)
  3 quokkas
  A ball python skeleton (D:2)
  5 frilled lizards
  7 kobolds
  2 quokka zombies (D:2)
  2 rats
72 creatures vanquished.

Notes
Turn   | Place    | Note
-------+----------+-------------------------------------------
     0 | D:1      | Anon1729 the Merfolk Monk began the quest for the Orb.
     0 | D:1      | Reached XP level 1. HP: 18/18 MP: 1/1
    97 | D:1      | Reached XP level 2. HP: 14/24 MP: 2/2
   296 | D:1      | Reached skill level 5 in Polearms
   453 | D:1      | Reached XP level 3. HP: 7/29 MP: 3/3
  1057 | D:1      | Reached skill level 6 in Polearms
  2365 | D:2      | Reached skill level 7 in Polearms
  2365 | D:2      | Reached XP level 4. HP: 29/35 MP: 4/4
  2854 | D:3      | Noticed Jessica
  2868 | D:3      | Killed Jessica
  2869 | D:3      | Reached XP level 5. HP: 21/41 MP: 5/5
  3266 | D:2      | Reached skill level 8 in Polearms
  3643 | D:3      | Found an ancient bone altar of Kikubaaqudgha.
  4398 | D:3      | HP: 2/41 [orc priest/divine providence (7)]
  4402 | D:3      | Slain by an orc wizard

Illustrated notes

Levels and vault maps discovered:
D:1:      heliophobic_arrival_enchanted_forest, layout_basic,
          grunt_decor_arrowhead
D:2:      layout_basic, serial_undead, serial_undead_e, serial_undead_d,
          serial_undead_f, serial_undead_c, nrook_mini_backslash
D:3:      kennysheep_six_static_rooms, layout_basic,
          mainiacjoe_overflow_alcove_1, uniq_jessica
D:4:      layout_cave_pools, mainiacjoe_overflow_concentric_impassable,
          general_overflow_altar

Skill      XL: |  1  2  3  4  5 |
---------------+----------------+-----
Polearms       | 5 7 8 |  8.8
Fighting       | |  3.4
Dodging        | |  4.1
Stealth        | |  2.4

Action                   |  1- 3 |  4- 6 || total
-------------------------+-------+-------++-------
Melee: Spear             |   161 |   165 ||   326
  Use: Potion            |       |     5 ||     5
 Stab: Sleeping          |     8 |     6 ||    14
Armor: Robe              |    12 |    20 ||    32
Dodge: Dodged            |    68 |    87 ||   155

Table legend: (Time is in decaauts)
 A = Elapsed time spent in this place.
 B = Non-inter-level travel time spent in this place.
 C = Inter-level travel time spent in this place.
 D = Time resting spent in this place.
 E = Time spent auto-exploring this place.
 F = Levels seen in this place.
 G = Mean time per level.
                   A        B        C        D        E       F      G
               +--------+--------+--------+--------+--------+-----+--------+
         Total |   4330 |   4222 |    108 |   1641 |   1977 |   4 | 1082.5 |
       Dungeon |   4330 |   4222 |    108 |   1641 |   1977 |   4 | 1082.5 |
               +--------+--------+--------+--------+--------+-----+--------+

Top non-repeatable levels by time:
     D:1: 2099 daAuts
     D:2: 1099 daAuts
     D:3: 1094 daAuts
     D:4: 36 daAuts
